 Dungeon Crawl Stone Soup version 0.29.1-1-gd02db6906a (webtiles) character file.

Game seed: 10122830500699836507

315 H0rd4k the Ducker (level 6, -4/46 HPs)
             Began as a Human Artificer on Oct 12, 2022.
             Slain by a gnoll bouda
             ... wielding a +0 whip
              (10 damage)
             ... on level 4 of the Dungeon.
             The game lasted 00:04:27 (6214 turns).

H0rd4k the Ducker (Human Artificer)                 Turns: 6214, Time: 00:04:28

Health: -4/46      AC:  5    Str: 13    XL:     6   Next: 72%
Magic:  6/6        EV: 12    Int: 13    God:
Gold:   316        SH:  5    Dex: 13    Spells: 5/5 levels left

rFire   + . .      SeeInvis .   s - +8 war axe of Beogh's Favour {vorpal, rF+ Stlth+}
rCold   . . .      Faith    .   (no shield)
rNeg    . . .      Spirit   .   b - +0 leather armour
rPois   .          Reflect  +   n - +0 hat
rElec   .          Harm     .   (no cloak)
rCorr   .          Rampage  .   k - +0 pair of gloves
Will    .....                   l - +0 pair of boots
Stlth   ++........              v - amulet of reflection
HPRegen 0.15/turn               (no ring)
MPRegen 0.10/turn               (no ring)

@: no status effects
A: no striking features
a: no special abilities


You were on level 4 of the Dungeon.
You visited 1 branch of the dungeon, and saw 5 of its levels.

You collected 316 gold pieces.

Inventory:

Hand Weapons
 a - a +0 club
 s - the +8 war axe of Beogh's Favour (weapon) {vorpal, rF+ Stlth+}
   (You found it on level 3 of the Dungeon)

   It inflicts extra damage upon your enemies.
   rF:        It protects you from fire.
   Stlth:     It makes you more stealthy.
 C - a +1 short sword of holy wrath
Missiles
 h - 7 poisoned darts (quivered)
Armour
 b - a +0 leather armour (worn)
 k - a +0 pair of gloves (worn)
 l - a +0 pair of boots (worn)
 n - a +0 hat (worn)
 q - an orb of guile
Jewellery
 m - an amulet of faith
 v - an amulet of reflection (around neck)
 y - a ring of positive energy
 A - a ring of resist corrosion
Wands
 c - a wand of flame (10)
 e - a wand of iceblast (5)
Scrolls
 f - 4 scrolls of identify {unknown}
 p - a scroll of teleportation {unknown}
 u - a scroll of immolation {unknown}
 w - a scroll of amnesia {unknown}
 x - 2 scrolls of poison {unknown}
 B - a scroll of enchant weapon {unknown}
 D - 3 scrolls of torment {unknown}
Potions
 g - 4 potions of heal wounds {unknown}
 i - 4 potions of curing {unknown}
 j - 6 potions of brilliance {unknown}
 o - 3 potions of might {unknown}
 r - a potion of resistance {unknown}
 t - 2 potions of flight {unknown}
 z - a potion of lignification {unknown}


   Skills:
 + Level 2.8 Fighting
 + Level 2.4(3.3) Axes
 + Level 3.3(3.7) Maces & Flails
 - Level 2.0 Armour
 + Level 3.3 Dodging
 - Level 1.0 Stealth
 - Level 3.0 Evocations


You had 5 spell levels left.
You didn't know any spells.
Your spell library contained the following spells:

 Spells                   Type           Power      Damage    Failure   Level
 Magic Dart               Conj           0%         1d3       36%         1
 Necrotise                Necr           0%         1d4       36%         1
 Call Imp                 Summ           0%         N/A       52%         2
 Mephitic Cloud           Conj/Pois/Air  0%         N/A       75%         3
 Ozocubu's Armour         Ice            0%         N/A       75%         3
 Vampiric Draining        Necr           0%         2d6       75%         3
 Agony                    Necr           0%         N/A       100%        5
 Ozocubu's Refrigeration  Ice            0%         4d7       100%        7


Dungeon Overview and Level Annotations

Branches:
Dungeon (5/15)
 Temple: D:4-7

Altars:
Elyvilon
The Shining One

Shops:
D:2 ?   D:4 ?   D:5 *

Annotations:
D:3 3 runed translucent doors, ghwc's ghost, weakling TrSu


Message History

The gnoll bouda hits you with a +0 whip!
You hit the gnoll bouda.
The gnoll bouda is moderately wounded.
The gnoll bouda hits you with a +0 whip!
You barely miss the gnoll bouda.
The gnoll bouda is moderately wounded.
Your attacks no longer feel as feeble.
The gnoll bouda gazes fiercely through you!
You feel your attacks grow feeble.
The gnoll bouda hits you with a +0 whip!
The gnoll bouda hits you with a +0 whip.
The gnoll hits you from afar with a +0 spear.
The gnoll bouda attacks as you move away!
The gnoll bouda hits you with a +0 whip.
* * * LOW HITPOINT WARNING * * *
There is a stone staircase leading up here.
The gnoll bouda barks out a call to the hunt!
The gnoll picks up the pace!
You block the gnoll's attack.
You climb upwards.
Your attacks no longer feel as feeble.
There is a stone staircase leading down here.
You closely miss the gnoll bouda.
The gnoll bouda is moderately wounded.
The gnoll bouda barely misses you.
You hit the gnoll bouda.
The gnoll bouda is severely wounded.
The gnoll bouda hits you with a +0 whip.
* * * LOW HITPOINT WARNING * * *
You barely miss the gnoll bouda.
The gnoll bouda is severely wounded.
The gnoll bouda misses you.
The gnoll bouda hits you but does no damage.
You barely miss the gnoll bouda.
The gnoll bouda is severely wounded.
The gnoll bouda closely misses you.
You completely miss the gnoll bouda.
The gnoll bouda is severely wounded.
The gnoll bouda hits you with a +0 whip!
You die...

......##.#.........##.#####.#....
.......#.#.).......##.# ##.#.###
.........#.........##.# #....#
#######..#.........##.####..###
## ##...#####+#.##.#.....##### .#
#.#..####.#.#............. .#
#..............##.##.##### .#
#####..##.g.##.##.##.# .#
#.##...@......#.##.# .#
#.#####.(.#####.##.# .#########.#
#...#####.##.#### ...........#
#...............#
........##.#####..######.#.....#
........#......................#
....(...#....##.#.######.#.######
........#.##.##.#.# #.........
........#.##.##.#.# ###.#.....


You could see a gnoll bouda.

Vanquished Creatures
  2 hounds
  A jelly (D:4)
  An orc priest (D:3)
  A gnoll bouda (D:4)
  4 gnolls (D:4)
  2 adders (D:3)
  3 worms
  4 dart slugs
  An orc (D:4)
  10 endoplasms
  4 giant cockroaches
  6 goblins
  2 hobgoblins (D:1)
  4 jackals (D:2)
  12 kobolds
  3 quokkas
  4 ball pythons
  3 bats
  2 frilled lizards
  8 rats
77 creatures vanquished.

Vanquished Creatures (collateral kills)
  A dart slug (D:3)
  3 orcs (D:3)
  2 goblins (D:3)
  A hobgoblin (D:3)
  2 ball pythons (D:3)
9 creatures vanquished.

Vanquished Creatures (others)
  2 gnolls (D:5)
  An adder (D:3)
  An orc (D:3)
4 creatures vanquished.

Grand Total: 90 creatures vanquished

Notes
Turn   | Place    | Note
-------+----------+-------------------------------------------
     0 | D:1      | H0rd4k the Human Artificer began the quest for the Orb.
     0 | D:1      | Reached XP level 1. HP: 15/15 MP: 1/1
   451 | D:1      | Reached XP level 2. HP: 21/21 MP: 2/2
  1189 | D:1      | Reached skill level 1 in Maces & Flails
  1208 | D:1      | Reached XP level 3. HP: 17/26 MP: 3/3
  1828 | D:1      | Found a faded altar of an unknown god.
  2115 | D:2      | Found a glowing golden altar of the Shining One.
  2385 | D:2      | Reached XP level 4. HP: 28/33 MP: 4/4
  2470 | D:2      | Found Maozef's Magic Scroll Emporium.
  3233 | D:3      | Identified the +8 war axe of Beogh's Favour {vorpal, rF+
                  | Stlth+}
  3447 | D:3      | Reached XP level 5. HP: 30/39 MP: 5/5
  4109 | D:3      | Found a runed translucent gate.
  4110 | D:3      | Found a runed translucent gate.
  4110 | D:3      | Found a runed translucent gate.
  4115 | D:3      | Noticed ghwc's ghost (weakling TrSu)
  4306 | D:3      | Reached skill level 1 in Axes
  4885 | D:4      | Reached XP level 6. HP: 43/46 MP: 6/6
  5192 | D:4      | Found a white marble altar of Elyvilon.
  5209 | D:4      | Found Niynieh's Magic Scroll Shoppe.
  5821 | D:5      | Entered Level 5 of the Dungeon
  5889 | D:5      | Found Zeac's Overcharged Wands.
  6214 | D:4      | Slain by a gnoll bouda

Illustrated notes

Levels and vault maps discovered:
D:1:      giann_wishing_wells, layout_loops_cross,
          dreamdust_ecumenical_altar_sealed_demon
D:2:      layout_basic, basic_altar, serial_shops, nicolae_shop_hallway_stairs
D:3:      minmay_thinvault, layout_loops_corners, gammafunk_ghost_necromancy,
          grunt_ministairs_9, minmay_stone_trees_small
D:4:      layout_basic, elyvilon_altar_4, serial_shops, shop
D:5:      wad_lake_hut, layout_gridville, nicolae_qazlal_general_emergency,
          nicolae_shop_overcharged_wands

Skill      XL: |  1  2  3  4  5  6 |
---------------+-------------------+-----
Maces & Flails | 1 2 3 |  3.3
Dodging        | 2 3 |  3.3
Fighting       | 2 |  2.8
Axes           | 1 2 |  2.4
Armour         | |  2.0
Stealth        | |  1.0
Evocations     | |  3.0

Action                   |  1- 3 |  4- 6 || total
-------------------------+-------+-------++-------
Melee: Club              |   164 |    60 ||   224
       Punch             |     2 |     1 ||     3
       War axe           |       |    71 ||    71
Evoke: Wand              |     5 |    15 ||    20
 Stab: Sleeping          |     3 |     7 ||    10
Armor: Leather armour    |    50 |    35 ||    85
Dodge: Dodged            |   110 |    80 ||   190
Block: Other             |       |     6 ||     6
